[ AOE2 MATCH · #470940561 ]
UnrankedHindustanis vs Poles
[ REPLAY ANALYSIS · EXTRACTED FROM THE RECORDED GAME ]
Feudal
9:18
Castle
21:39
Imperial
36:08
| APM avg | 54.6 |
| APM peak | 96 |
| eAPM avg | 37.6 |
| Villagers / military | 171 / 820 |
Focus
⚔️ 54.4% · 🌾 45.6%
Scout Cavalry ×463 · Ghulam ×250 · Hand Cannoneer ×65 · Trade Cart ×18 · Armored Elephant ×17 · Archer ×15
Feudal
11:45
Castle
15:40
Imperial
33:46
| APM avg | 44.7 |
| APM peak | 89 |
| eAPM avg | 26.3 |
| Villagers / military | 173 / 423 |
Focus
⚔️ 42.3% · 🌾 57.7%
Skirmisher ×296 · Unknown (2579) ×230 · Spearman ×114 · Unknown (2550) ×107 · Trade Cart ×36 · Trebuchet (Packed) ×7
Feudal
—
Castle
—
Imperial
—
| APM avg | 51.8 |
| APM peak | 96 |
| eAPM avg | 36.3 |
| Villagers / military | 198 / 1143 |
Focus
⚔️ 59.7% · 🌾 40.3%
Scout Cavalry ×770 · Knight ×243 · Spearman ×109 · Trade Cart ×20 · Battering Ram ×12 · Trebuchet (Packed) ×5
Feudal
9:19
Castle
18:57
Imperial
29:44
| APM avg | 57.5 |
| APM peak | 107 |
| eAPM avg | 33.0 |
| Villagers / military | 203 / 506 |
Focus
⚔️ 40.8% · 🌾 59.2%
Skirmisher ×298 · Spearman ×100 · Scout Cavalry ×57 · Battle Elephant ×27 · Rattan Archer ×13 · Militia ×6
Feudal
10:50
Castle
14:47
Imperial
39:27
| APM avg | 34.3 |
| APM peak | 86 |
| eAPM avg | 19.7 |
| Villagers / military | 170 / 899 |
Focus
⚔️ 46.2% · 🌾 53.8%
Skirmisher ×585 · Spearman ×170 · Archer ×143 · Trade Cart ×46 · Unknown (1942) ×11 · Unknown (1959) ×2
Feudal
10:56
Castle
17:21
Imperial
27:32
| APM avg | 37.3 |
| APM peak | 90 |
| eAPM avg | 26.0 |
| Villagers / military | 215 / 852 |
Focus
⚔️ 48.4% · 🌾 51.6%
Skirmisher ×293 · Spearman ×282 · Archer ×153 · Berserk ×72 · Battering Ram ×44 · Trade Cart ×19
Feudal
10:50
Castle
14:24
Imperial
32:02
| APM avg | 45.6 |
| APM peak | 99 |
| eAPM avg | 29.1 |
| Villagers / military | 246 / 970 |
Focus
⚔️ 38.6% · 🌾 61.4%
Skirmisher ×528 · Scout Cavalry ×290 · Knight ×123 · Trade Cart ×24 · Battering Ram ×13 · Camel Scout ×11
Feudal
9:58
Castle
22:39
Imperial
29:27
| APM avg | 32.5 |
| APM peak | 65 |
| eAPM avg | 20.2 |
| Villagers / military | 147 / 352 |
Focus
⚔️ 43.5% · 🌾 56.5%
Skirmisher ×154 · Hand Cannoneer ×123 · Spearman ×45 · Bombard Cannon ×13 · Hussite Wagon ×9 · Militia ×6
Match map
Initial resources + every placement click. Lines = walls · curves = elevation contours. ◆ gold · ⬟ stone · ● berries · ✦ relic · ◌ wall gap
Your base· ✓ Closed at 21:39 · 10t walls · 1 gate(s)
Lolokoil's base· ✓ Closed at 15:40 · 20t walls · 1 gate(s)
CTMl cachi's base· ✓ Closed at 11:08 · 13t walls · no gate
(¬|)¬(>= Marksm4n's base· ✓ Closed at 18:57 · 5t walls · 1 gate(s)
Jrfear's base· ✓ Closed at 14:47 · 7t walls · 1 gate(s)
Davidnwantfoy's base· ✓ Closed at 17:21 · 24t walls · no gate
Silence's base· ✓ Closed at 14:24 · 9t walls · no gate
小白's base· ✓ Closed at 22:39 · 12t walls · 1 gate(s)
Smoothed initial terrain · ◌ = detected wall gap · hover for details
Inputs per minute
— Bass Is Heavy - - Lolokoil
Build order — Bass Is Heavy
First 150 of 1386 actions detected
| 0:01 | Create | Villager (Male) |
| 0:03 | Build | House |
| 0:04 | Build | House |
| 0:16 | Create | Villager (Male) |
| 0:16 | Create | Villager (Male) |
| 0:16 | Create | Villager (Male) |
| 0:16 | Create | Villager (Male) |
| 1:18 | Create | Villager (Male) |
| 1:39 | Create | Villager (Male) |
| 1:39 | Create | Villager (Male) |
| 2:01 | Create | Villager (Male) |
| 2:02 | Create | Villager (Male) |
| 2:37 | Build | Lumber Camp |
| 2:47 | Create | Villager (Male) |
| 2:52 | Create | Villager (Male) |
| 2:53 | Create | Villager (Male) |
| 3:44 | Create | Villager (Male) |
| 3:53 | Build | House |
| 4:02 | Create | Villager (Male) |
| 4:31 | Build | House |
| 4:34 | Create | Villager (Male) |
| 4:51 | Create | Villager (Male) |
| 5:23 | Create | Villager (Male) |
| 5:47 | Create | Villager (Male) |
| 6:07 | Create | Villager (Male) |
| 6:12 | Build | Barracks |
| 6:33 | Create | Villager (Male) |
| 6:41 | Research | Loom |
| 7:05 | Build | House |
| 7:06 | Research | Feudal Age |
| 7:08 | Create | Militia |
| 7:08 | Create | Militia |
| 7:09 | Create | Militia |
| 7:55 | Create | Militia |
| 8:10 | Build | Mining Camp |
| 8:45 | Create | Villager (Male) |
| 8:52 | Create | Villager (Male) |
| 8:54 | Build | Palisade Wall |
| 8:56 | Build | Palisade Wall |
| 8:59 | Build | Palisade Gate |
| 9:18 | Age | Feudal Age |
| 9:28 | Research | Man-at-Arms (upgrade) |
| 9:31 | Create | Villager (Male) |
| 9:35 | Build | Archery Range |
| 10:12 | Create | Villager (Male) |
| 10:17 | Build | Mill |
| 10:31 | Create | Archer |
| 10:31 | Create | Archer |
| 10:36 | Create | Villager (Male) |
| 10:41 | Build | House |
| 10:50 | Create | Archer |
| 11:08 | Create | Archer |
| 11:19 | Build | House |
| 11:25 | Create | Villager (Male) |
| 11:57 | Create | Villager (Male) |
| 11:59 | Build | Mill |
| 12:00 | Create | Villager (Male) |
| 12:26 | Create | Archer |
| 12:27 | Create | Archer |
| 12:42 | Create | Villager (Male) |
| 12:44 | Build | Blacksmith |
| 13:07 | Create | Archer |
| 13:20 | Create | Villager (Male) |
| 13:31 | Create | Villager (Male) |
| 13:32 | Research | Fletching |
| 13:36 | Research | Double-Bit Axe |
| 13:36 | Research | Double-Bit Axe |
| 13:53 | Create | Villager (Male) |
| 13:55 | Research | Horse Collar |
| 13:55 | Research | Horse Collar |
| 13:55 | Research | Horse Collar |
| 14:06 | Create | Villager (Male) |
| 14:26 | Create | Archer |
| 14:46 | Build | Watch Tower |
| 14:46 | Create | Archer |
| 14:51 | Create | Villager (Male) |
| 14:54 | Build | Farm |
| 14:55 | Build | Farm |
| 14:56 | Build | Farm |
| 14:59 | Create | Villager (Male) |
| 15:15 | Create | Archer |
| 15:17 | Create | Archer |
| 15:19 | Create | Villager (Male) |
| 15:48 | Create | Villager (Male) |
| 15:51 | Build | House |
| 15:52 | Build | House |
| 16:02 | Create | Villager (Male) |
| 16:04 | Create | Archer |
| 16:04 | Create | Villager (Male) |
| 16:09 | Build | Lumber Camp |
| 16:15 | Build | Farm |
| 16:16 | Build | Farm |
| 16:23 | Build | Farm |
| 16:37 | Create | Villager (Male) |
| 16:55 | Create | Villager (Male) |
| 16:57 | Build | Farm |
| 17:10 | Build | Mill |
| 17:15 | Create | Villager (Male) |
| 17:22 | Build | Farm |
| 17:38 | Create | Villager (Male) |
| 17:41 | Build | Farm |
| 17:42 | Build | Farm |
| 17:47 | Create | Archer |
| 17:56 | Create | Villager (Male) |
| 18:01 | Build | Farm |
| 18:25 | Build | Farm |
| 18:31 | Build | House |
| 18:34 | Build | Farm |
| 18:59 | Research | Castle Age |
| 18:59 | Research | Castle Age |
| 18:59 | Research | Castle Age |
| 19:13 | Create | Archer |
| 19:35 | Build | Mining Camp |
| 19:39 | Research | Stone Mining |
| 19:40 | Research | Stone Mining |
| 19:44 | Research | Gold Mining |
| 19:45 | Build | Farm |
| 19:47 | Build | House |
| 20:09 | Create | Archer |
| 20:10 | Create | Villager (Male) |
| 21:07 | Create | Villager (Male) |
| 21:24 | Research | Scale Mail Armor |
| 21:25 | Research | Forging |
| 21:39 | Age | Castle Age |
| 21:46 | Research | Bow Saw |
| 21:48 | Build | Lumber Camp |
| 22:16 | Research | Crossbowman (upgrade) |
| 22:27 | Research | Chain Mail Armor |
| 22:30 | Create | Villager (Male) |
| 22:36 | Build | Market |
| 23:07 | Build | Castle |
| 23:08 | Build | Mill |
| 23:10 | Create | Villager (Male) |
| 23:14 | Create | Villager (Male) |
| 23:24 | Build | House |
| 23:25 | Build | House |
| 23:56 | Build | Siege Workshop |
| 23:59 | Create | Villager (Male) |
| 24:03 | Build | Town Center |
| 24:11 | Create | Ghulam |
| 24:11 | Create | Ghulam |
| 24:18 | Create | Villager (Male) |
| 24:18 | Create | Villager (Male) |
| 24:34 | Create | Ghulam |
| 24:36 | Create | Ghulam |
| 24:45 | Build | Mining Camp |
| 24:50 | Build | House |
| 24:52 | Create | Villager (Male) |
| 24:52 | Create | Villager (Male) |
| 25:16 | Create | Villager (Male) |
Build order — Lolokoil
First 150 of 746 actions detected
| 0:01 | Create | Villager (Male) |
| 0:02 | Build | House |
| 0:03 | Build | House |
| 0:10 | Create | Villager (Male) |
| 0:10 | Create | Villager (Male) |
| 0:10 | Create | Villager (Male) |
| 0:10 | Create | Villager (Male) |
| 1:00 | Create | Villager (Male) |
| 1:01 | Create | Villager (Male) |
| 1:43 | Create | Villager (Male) |
| 1:50 | Build | Settlement |
| 2:21 | Create | Villager (Male) |
| 2:21 | Create | Villager (Male) |
| 2:22 | Create | Villager (Male) |
| 3:13 | Create | Villager (Male) |
| 3:13 | Create | Villager (Male) |
| 3:25 | Create | Villager (Male) |
| 3:46 | Create | Villager (Male) |
| 3:46 | Create | Villager (Male) |
| 4:28 | Build | House |
| 4:30 | Create | Villager (Male) |
| 4:34 | Build | Palisade Wall |
| 4:38 | Create | Villager (Male) |
| 4:54 | Create | Villager (Male) |
| 4:54 | Create | Villager (Male) |
| 5:36 | Create | Villager (Male) |
| 5:40 | Create | Villager (Male) |
| 5:41 | Create | Villager (Male) |
| 5:41 | Create | Villager (Male) |
| 6:24 | Build | Settlement |
| 6:26 | Create | Villager (Male) |
| 6:46 | Create | Villager (Male) |
| 6:46 | Create | Villager (Male) |
| 7:06 | Build | Palisade Wall |
| 7:35 | Build | Settlement |
| 8:20 | Create | Villager (Male) |
| 8:33 | Research | Loom |
| 8:51 | Build | Settlement |
| 9:08 | Build | Palisade Wall |
| 9:10 | Build | Palisade Wall |
| 9:13 | Build | Palisade Wall |
| 9:15 | Build | Palisade Wall |
| 9:18 | Build | Palisade Wall |
| 9:21 | Build | Palisade Wall |
| 9:33 | Create | Villager (Male) |
| 9:35 | Research | Feudal Age |
| 10:08 | Build | Palisade Gate |
| 10:36 | Build | Palisade Wall |
| 10:39 | Build | Palisade Wall |
| 11:18 | Create | Villager (Male) |
| 11:18 | Create | Villager (Male) |
| 11:21 | Build | Farm |
| 11:45 | Age | Feudal Age |
| 12:02 | Build | Market |
| 12:07 | Build | Blacksmith |
| 12:34 | Research | Town Watch |
| 12:50 | Research | Castle Age |
| 12:58 | Research | Fletching |
| 13:02 | Research | Double-Bit Axe |
| 13:28 | Research | Horse Collar |
| 14:44 | Create | Villager (Male) |
| 14:44 | Create | Villager (Male) |
| 15:15 | Research | Fletching |
| 15:40 | Age | Castle Age |
| 15:48 | Build | Castle |
| 15:57 | Create | Villager (Male) |
| 16:48 | Create | Villager (Male) |
| 16:54 | Build | Town Center |
| 17:04 | Create | Unit 2579 |
| 17:04 | Create | Unit 2579 |
| 17:05 | Create | Unit 2579 |
| 17:05 | Create | Unit 2579 |
| 17:06 | Create | Unit 2579 |
| 17:35 | Create | Villager (Male) |
| 18:01 | Create | Villager (Male) |
| 18:01 | Create | Villager (Male) |
| 18:07 | Build | Farm |
| 18:08 | Build | Farm |
| 18:11 | Build | Farm |
| 18:15 | Create | Villager (Male) |
| 18:17 | Create | Unit 2579 |
| 18:26 | Build | House |
| 18:27 | Build | House |
| 18:35 | Build | Palisade Wall |
| 18:40 | Create | Unit 2579 |
| 18:42 | Create | Villager (Male) |
| 18:45 | Create | Villager (Male) |
| 18:51 | Build | Farm |
| 18:55 | Build | Farm |
| 19:03 | Create | Villager (Male) |
| 19:04 | Create | Villager (Male) |
| 19:21 | Build | House |
| 19:27 | Build | Farm |
| 19:28 | Build | Farm |
| 19:29 | Create | Villager (Male) |
| 19:31 | Create | Unit 2579 |
| 19:31 | Create | Unit 2579 |
| 19:32 | Create | Unit 2579 |
| 19:42 | Create | Unit 2579 |
| 19:49 | Create | Villager (Male) |
| 19:55 | Build | Farm |
| 20:05 | Build | Farm |
| 20:08 | Create | Villager (Male) |
| 20:18 | Create | Villager (Male) |
| 20:25 | Create | Unit 2579 |
| 20:42 | Create | Villager (Male) |
| 20:45 | Build | Settlement |
| 21:08 | Research | Bodkin Arrow |
| 21:16 | Build | Farm |
| 21:18 | Build | Farm |
| 21:20 | Create | Villager (Male) |
| 21:22 | Create | Villager (Male) |
| 22:11 | Create | Unit 2579 |
| 22:11 | Create | Unit 2579 |
| 22:11 | Create | Unit 2579 |
| 22:14 | Research | Padded Archer Armor |
| 22:16 | Create | Villager (Male) |
| 22:16 | Create | Villager (Male) |
| 22:21 | Build | University |
| 22:25 | Create | Villager (Male) |
| 22:28 | Create | Unit 2579 |
| 22:28 | Create | Unit 2579 |
| 22:38 | Create | Unit 2579 |
| 22:38 | Create | Unit 2579 |
| 22:43 | Build | Farm |
| 22:47 | Build | Farm |
| 22:50 | Create | Villager (Male) |
| 22:51 | Create | Villager (Male) |
| 23:03 | Create | Unit 2579 |
| 23:06 | Create | Unit 2579 |
| 23:06 | Create | Unit 2579 |
| 23:09 | Build | House |
| 23:10 | Build | House |
| 23:16 | Create | Villager (Male) |
| 23:17 | Create | Villager (Male) |
| 23:19 | Build | Farm |
| 23:21 | Build | Farm |
| 23:32 | Create | Unit 2579 |
| 23:33 | Create | Unit 2579 |
| 23:38 | Build | Outpost |
| 23:39 | Build | Outpost |
| 23:43 | Create | Villager (Male) |
| 23:43 | Create | Villager (Male) |
| 23:44 | Create | Villager (Male) |
| 23:47 | Build | Farm |
| 23:49 | Build | Farm |
| 23:51 | Build | Farm |
| 23:57 | Create | Villager (Male) |
| 23:57 | Create | Villager (Male) |
| 24:07 | Create | Unit 2579 |
Build order — CTMl cachi
First 150 of 1662 actions detected
| 0:01 | Create | Villager (Male) |
| 0:01 | Create | Villager (Male) |
| 0:01 | Create | Villager (Male) |
| 0:02 | Build | House |
| 0:05 | Build | House |
| 0:10 | Create | Villager (Male) |
| 0:11 | Create | Villager (Male) |
| 1:27 | Create | Villager (Male) |
| 1:27 | Create | Villager (Male) |
| 1:51 | Build | Lumber Camp |
| 2:10 | Create | Villager (Male) |
| 2:11 | Create | Villager (Male) |
| 2:11 | Create | Villager (Male) |
| 2:37 | Create | Villager (Male) |
| 2:37 | Create | Villager (Male) |
| 3:05 | Create | Villager (Male) |
| 3:05 | Create | Villager (Male) |
| 3:06 | Create | Villager (Male) |
| 3:25 | Create | Villager (Male) |
| 3:25 | Create | Villager (Male) |
| 3:44 | Build | Mill |
| 3:50 | Create | Villager (Male) |
| 3:50 | Create | Villager (Male) |
| 3:50 | Create | Villager (Male) |
| 4:26 | Create | Villager (Male) |
| 4:27 | Create | Villager (Male) |
| 4:27 | Create | Villager (Male) |
| 4:27 | Create | Villager (Male) |
| 4:32 | Create | Villager (Male) |
| 4:32 | Create | Villager (Male) |
| 5:23 | Create | Villager (Male) |
| 5:23 | Create | Villager (Male) |
| 5:45 | Build | House |
| 5:59 | Create | Villager (Male) |
| 6:18 | Build | Palisade Wall |
| 6:24 | Build | Palisade Wall |
| 6:27 | Create | Villager (Male) |
| 6:34 | Build | Mining Camp |
| 7:00 | Create | Villager (Male) |
| 7:29 | Create | Villager (Male) |
| 7:58 | Research | Feudal Age |
| 7:58 | Research | Feudal Age |
| 9:37 | Create | Villager (Male) |
| 10:12 | Build | Market |
| 10:17 | Build | Blacksmith |
| 10:34 | Research | Loom |
| 10:53 | Build | Palisade Wall |
| 11:08 | Research | Castle Age |
| 11:09 | Research | Castle Age |
| 12:05 | Research | Double-Bit Axe |
| 12:09 | Build | House |
| 12:35 | Build | House |
| 12:53 | Create | Villager (Male) |
| 13:11 | Build | House |
| 13:29 | Create | Villager (Male) |
| 13:50 | Build | Town Center |
| 13:59 | Create | Villager (Male) |
| 14:14 | Create | Villager (Male) |
| 14:33 | Build | Farm |
| 14:34 | Build | Farm |
| 14:34 | Build | Farm |
| 14:35 | Build | Farm |
| 14:37 | Create | Villager (Male) |
| 14:43 | Create | Villager (Male) |
| 14:59 | Create | Villager (Male) |
| 15:05 | Create | Villager (Male) |
| 15:05 | Create | Villager (Male) |
| 15:06 | Create | Villager (Male) |
| 15:16 | Create | Villager (Male) |
| 15:34 | Create | Villager (Male) |
| 15:34 | Create | Villager (Male) |
| 15:41 | Build | Town Center |
| 15:47 | Build | Palisade Wall |
| 15:51 | Build | House |
| 15:54 | Build | House |
| 15:58 | Build | House |
| 16:06 | Create | Villager (Male) |
| 16:35 | Build | Farm |
| 16:35 | Create | Villager (Male) |
| 16:35 | Create | Villager (Male) |
| 16:39 | Build | Mill |
| 16:46 | Create | Villager (Male) |
| 16:54 | Build | Farm |
| 17:07 | Create | Villager (Male) |
| 17:09 | Build | Farm |
| 17:09 | Build | Farm |
| 17:10 | Build | Farm |
| 17:10 | Build | Farm |
| 17:14 | Build | Farm |
| 17:15 | Build | Farm |
| 17:21 | Create | Villager (Male) |
| 17:21 | Create | Villager (Male) |
| 17:22 | Create | Villager (Male) |
| 17:22 | Create | Villager (Male) |
| 17:36 | Create | Villager (Male) |
| 17:37 | Create | Villager (Male) |
| 17:46 | Build | Farm |
| 17:47 | Create | Villager (Male) |
| 17:48 | Create | Villager (Male) |
| 17:57 | Build | Farm |
| 17:59 | Create | Villager (Male) |
| 18:05 | Build | Farm |
| 18:06 | Create | Villager (Male) |
| 18:06 | Create | Villager (Male) |
| 18:15 | Build | Castle |
| 18:18 | Create | Villager (Male) |
| 18:18 | Create | Villager (Male) |
| 18:23 | Build | Mill |
| 18:28 | Create | Villager (Male) |
| 18:28 | Create | Villager (Male) |
| 18:31 | Build | Farm |
| 18:41 | Create | Villager (Male) |
| 18:41 | Create | Villager (Male) |
| 18:44 | Build | Farm |
| 18:54 | Build | Farm |
| 19:02 | Build | Farm |
| 19:02 | Create | Villager (Male) |
| 19:03 | Create | Villager (Male) |
| 19:06 | Build | Farm |
| 19:08 | Create | Villager (Male) |
| 19:08 | Create | Villager (Male) |
| 19:11 | Build | Farm |
| 19:26 | Build | Farm |
| 19:28 | Create | Villager (Male) |
| 19:29 | Create | Villager (Male) |
| 19:31 | Build | Farm |
| 19:34 | Create | Villager (Male) |
| 19:34 | Create | Villager (Male) |
| 19:38 | Create | Villager (Male) |
| 19:39 | Create | Villager (Male) |
| 19:44 | Build | Mill |
| 19:46 | Create | Villager (Male) |
| 19:46 | Create | Villager (Male) |
| 19:49 | Build | Farm |
| 19:54 | Create | Villager (Male) |
| 20:06 | Research | Horse Collar |
| 20:10 | Create | Villager (Male) |
| 20:16 | Build | Farm |
| 20:17 | Create | Villager (Male) |
| 20:21 | Create | Villager (Male) |
| 20:32 | Research | Wheelbarrow |
| 20:36 | Build | Farm |
| 20:40 | Build | Farm |
| 20:40 | Create | Villager (Male) |
| 20:51 | Create | Villager (Male) |
| 20:54 | Build | Farm |
| 20:55 | Create | Villager (Male) |
| 21:03 | Create | Villager (Male) |
| 21:11 | Build | Mill |
| 21:13 | Create | Villager (Male) |
Build order — (¬|)¬(>= Marksm4n
First 150 of 1044 actions detected
| 0:02 | Create | Villager (Male) |
| 0:02 | Create | Villager (Male) |
| 0:03 | Build | House |
| 0:05 | Build | House |
| 0:21 | Create | Villager (Male) |
| 0:22 | Create | Villager (Male) |
| 0:22 | Create | Villager (Male) |
| 1:24 | Create | Villager (Male) |
| 1:24 | Create | Villager (Male) |
| 1:46 | Build | Lumber Camp |
| 2:06 | Create | Villager (Male) |
| 2:07 | Create | Villager (Male) |
| 2:15 | Create | Villager (Male) |
| 2:15 | Create | Villager (Male) |
| 2:50 | Create | Villager (Male) |
| 2:50 | Create | Villager (Male) |
| 3:05 | Create | Villager (Male) |
| 3:05 | Create | Villager (Male) |
| 3:29 | Create | Villager (Male) |
| 3:32 | Build | House |
| 4:04 | Build | House |
| 4:08 | Create | Villager (Male) |
| 4:08 | Create | Villager (Male) |
| 4:26 | Build | House |
| 4:34 | Create | Villager (Male) |
| 4:34 | Create | Villager (Male) |
| 5:11 | Create | Villager (Male) |
| 5:29 | Create | Villager (Male) |
| 5:57 | Build | Barracks |
| 5:58 | Create | Villager (Male) |
| 6:32 | Build | Palisade Wall |
| 6:32 | Build | Palisade Wall |
| 6:33 | Build | Palisade Wall |
| 6:33 | Build | Palisade Wall |
| 6:44 | Research | Loom |
| 6:59 | Research | Feudal Age |
| 6:59 | Research | Feudal Age |
| 7:16 | Create | Militia |
| 7:16 | Create | Militia |
| 7:38 | Build | Mill |
| 7:39 | Create | Militia |
| 7:56 | Create | Militia |
| 8:22 | Create | Militia |
| 8:30 | Build | Mining Camp |
| 9:19 | Age | Feudal Age |
| 9:23 | Create | Villager (Male) |
| 9:27 | Research | Double-Bit Axe |
| 9:27 | Research | Double-Bit Axe |
| 9:40 | Build | Farm |
| 9:42 | Build | Farm |
| 9:50 | Create | Villager (Male) |
| 9:53 | Build | Farm |
| 9:54 | Build | Farm |
| 10:02 | Build | Farm |
| 10:16 | Research | Man-at-Arms (upgrade) |
| 10:16 | Research | Man-at-Arms (upgrade) |
| 10:21 | Build | Farm |
| 10:38 | Create | Villager (Male) |
| 10:38 | Create | Villager (Male) |
| 10:41 | Build | House |
| 10:41 | Build | House |
| 10:57 | Create | Villager (Male) |
| 11:14 | Create | Villager (Male) |
| 11:18 | Build | Farm |
| 11:31 | Create | Villager (Male) |
| 11:35 | Build | Farm |
| 11:48 | Create | Villager (Male) |
| 11:59 | Build | Farm |
| 12:16 | Research | Horse Collar |
| 12:30 | Build | Farm |
| 12:31 | Create | Villager (Male) |
| 12:44 | Build | Farm |
| 12:46 | Build | Farm |
| 12:47 | Create | Villager (Male) |
| 13:09 | Create | Villager (Male) |
| 13:16 | Build | Farm |
| 13:17 | Create | Villager (Male) |
| 13:37 | Build | Mining Camp |
| 14:18 | Create | Villager (Male) |
| 14:25 | Create | Villager (Male) |
| 14:50 | Create | Villager (Male) |
| 15:15 | Build | House |
| 15:15 | Build | House |
| 15:20 | Build | House |
| 15:22 | Build | Blacksmith |
| 15:27 | Build | Archery Range |
| 15:34 | Create | Villager (Male) |
| 16:18 | Research | Castle Age |
| 16:18 | Research | Castle Age |
| 16:42 | Research | Stone Mining |
| 16:42 | Research | Stone Mining |
| 16:57 | Research | Gold Mining |
| 16:57 | Research | Gold Mining |
| 17:53 | Create | Villager (Male) |
| 18:37 | Build | Palisade Gate |
| 18:50 | Create | Villager (Male) |
| 18:57 | Age | Castle Age |
| 19:00 | Research | Bow Saw |
| 19:00 | Research | Heavy Plow |
| 19:09 | Build | Castle |
| 19:25 | Build | Town Center |
| 19:29 | Create | Villager (Male) |
| 20:07 | Research | Fletching |
| 20:07 | Research | Fletching |
| 20:07 | Create | Villager (Male) |
| 20:15 | Build | Town Center |
| 20:20 | Create | Villager (Male) |
| 20:49 | Create | Villager (Male) |
| 20:52 | Create | Villager (Male) |
| 20:57 | Build | Farm |
| 20:59 | Build | Farm |
| 21:01 | Build | Farm |
| 21:05 | Create | Villager (Male) |
| 21:07 | Create | Villager (Male) |
| 21:10 | Create | Rattan Archer |
| 21:11 | Create | Rattan Archer |
| 21:11 | Create | Rattan Archer |
| 21:15 | Research | Long Swordsman (upgrade) |
| 21:19 | Build | Farm |
| 21:22 | Create | Villager (Male) |
| 21:23 | Build | Farm |
| 21:25 | Build | Farm |
| 21:34 | Create | Villager (Male) |
| 21:35 | Create | Villager (Male) |
| 21:56 | Create | Villager (Male) |
| 22:04 | Create | Villager (Male) |
| 22:08 | Create | Villager (Male) |
| 22:09 | Create | Villager (Male) |
| 22:15 | Build | Farm |
| 22:17 | Create | Villager (Male) |
| 22:30 | Create | Villager (Male) |
| 22:31 | Create | Villager (Male) |
| 22:57 | Create | Villager (Male) |
| 22:57 | Create | Villager (Male) |
| 23:00 | Build | Farm |
| 23:01 | Build | Farm |
| 23:15 | Create | Rattan Archer |
| 23:22 | Build | Farm |
| 23:23 | Create | Villager (Male) |
| 23:23 | Create | Villager (Male) |
| 23:23 | Create | Villager (Male) |
| 23:23 | Create | Villager (Male) |
| 23:35 | Create | Villager (Male) |
| 23:35 | Create | Villager (Male) |
| 23:35 | Create | Villager (Male) |
| 23:37 | Build | Farm |
| 23:39 | Build | Farm |
| 23:40 | Create | Villager (Male) |
| 23:42 | Create | Villager (Male) |
| 23:45 | Create | Villager (Male) |
Build order — Jrfear
First 150 of 673 actions detected
| 0:00 | Create | Villager (Male) |
| 0:01 | Create | Villager (Male) |
| 0:01 | Create | Villager (Male) |
| 0:02 | Build | House |
| 0:03 | Build | House |
| 0:18 | Create | Villager (Male) |
| 0:18 | Create | Villager (Male) |
| 1:30 | Create | Villager (Male) |
| 1:30 | Create | Villager (Male) |
| 1:53 | Build | Lumber Camp |
| 2:05 | Create | Villager (Male) |
| 2:06 | Create | Villager (Male) |
| 2:19 | Create | Villager (Male) |
| 2:20 | Create | Villager (Male) |
| 2:45 | Create | Villager (Male) |
| 2:46 | Create | Villager (Male) |
| 2:47 | Build | House |
| 3:05 | Create | Villager (Male) |
| 3:42 | Create | Villager (Male) |
| 3:42 | Create | Villager (Male) |
| 4:06 | Create | Villager (Male) |
| 4:06 | Create | Villager (Male) |
| 4:06 | Create | Villager (Male) |
| 4:37 | Create | Villager (Male) |
| 4:37 | Create | Villager (Male) |
| 4:37 | Create | Villager (Male) |
| 4:49 | Build | House |
| 4:59 | Create | Villager (Male) |
| 4:59 | Create | Villager (Male) |
| 5:07 | Build | Mill |
| 5:54 | Create | Villager (Male) |
| 5:54 | Create | Villager (Male) |
| 5:54 | Create | Villager (Male) |
| 6:11 | Build | Mining Camp |
| 6:17 | Create | Villager (Male) |
| 7:04 | Research | Loom |
| 7:43 | Build | House |
| 8:00 | Create | Villager (Male) |
| 8:23 | Build | House |
| 8:31 | Build | Palisade Wall |
| 8:32 | Build | Palisade Wall |
| 8:33 | Build | Palisade Wall |
| 8:34 | Build | Palisade Wall |
| 8:35 | Build | Palisade Wall |
| 8:36 | Build | Palisade Gate |
| 8:40 | Research | Feudal Age |
| 8:56 | Build | Barracks |
| 8:57 | Build | Palisade Wall |
| 9:04 | Build | Palisade Wall |
| 9:15 | Create | Villager (Male) |
| 10:13 | Create | Villager (Male) |
| 10:50 | Age | Feudal Age |
| 10:57 | Build | Archery Range |
| 11:01 | Build | Blacksmith |
| 11:38 | Create | Villager (Male) |
| 12:07 | Research | Castle Age |
| 12:17 | Research | Double-Bit Axe |
| 12:19 | Create | Archer |
| 12:19 | Create | Archer |
| 12:20 | Create | Archer |
| 12:46 | Research | Horse Collar |
| 13:09 | Create | Villager (Male) |
| 13:15 | Build | Archery Range |
| 13:21 | Create | Archer |
| 13:21 | Create | Archer |
| 13:21 | Create | Archer |
| 13:50 | Research | Fletching |
| 13:55 | Build | House |
| 14:00 | Build | House |
| 14:06 | Create | Villager (Male) |
| 14:20 | Create | Archer |
| 14:20 | Create | Archer |
| 14:41 | Create | Skirmisher |
| 14:41 | Create | Skirmisher |
| 14:44 | Build | House |
| 14:47 | Age | Castle Age |
| 15:17 | Build | House |
| 15:19 | Create | Skirmisher |
| 15:21 | Create | Skirmisher |
| 15:25 | Build | Farm |
| 16:00 | Create | Archer |
| 16:00 | Create | Archer |
| 16:01 | Create | Villager (Male) |
| 16:04 | Build | House |
| 16:21 | Create | Villager (Male) |
| 16:24 | Create | Archer |
| 16:24 | Create | Archer |
| 16:31 | Build | Farm |
| 16:36 | Build | Farm |
| 16:36 | Build | Farm |
| 16:41 | Create | Archer |
| 16:41 | Create | Archer |
| 16:56 | Research | Bodkin Arrow |
| 17:04 | Build | University |
| 17:20 | Build | House |
| 17:26 | Create | Villager (Male) |
| 17:27 | Create | Villager (Male) |
| 17:31 | Build | Farm |
| 17:51 | Build | House |
| 17:54 | Create | Villager (Male) |
| 17:55 | Create | Archer |
| 17:55 | Create | Archer |
| 17:59 | Build | Farm |
| 18:23 | Create | Villager (Male) |
| 18:31 | Build | House |
| 18:46 | Create | Villager (Male) |
| 19:08 | Create | Archer |
| 19:08 | Create | Archer |
| 19:11 | Research | Crossbowman (upgrade) |
| 19:13 | Build | House |
| 19:49 | Create | Villager (Male) |
| 20:14 | Create | Archer |
| 20:14 | Create | Archer |
| 20:20 | Create | Villager (Male) |
| 20:23 | Build | Farm |
| 20:24 | Build | Farm |
| 20:24 | Build | Farm |
| 20:27 | Build | University |
| 20:35 | Create | Archer |
| 20:35 | Create | Archer |
| 20:46 | Build | House |
| 20:48 | Create | Villager (Male) |
| 20:50 | Build | Farm |
| 20:51 | Build | Farm |
| 20:55 | Create | Archer |
| 21:00 | Build | Archery Range |
| 21:20 | Create | Villager (Male) |
| 21:22 | Build | Farm |
| 21:24 | Build | Farm |
| 21:27 | Create | Villager (Male) |
| 21:49 | Create | Villager (Male) |
| 22:06 | Create | Archer |
| 22:08 | Create | Archer |
| 22:08 | Create | Archer |
| 22:09 | Create | Archer |
| 22:11 | Create | Villager (Male) |
| 22:18 | Create | Villager (Male) |
| 22:39 | Build | Market |
| 22:44 | Create | Skirmisher |
| 22:44 | Create | Skirmisher |
| 22:44 | Create | Skirmisher |
| 22:48 | Create | Villager (Male) |
| 23:01 | Create | Archer |
| 23:02 | Create | Archer |
| 23:02 | Create | Archer |
| 23:02 | Create | Archer |
| 23:08 | Research | Padded Archer Armor |
| 23:13 | Research | Bow Saw |
| 23:41 | Create | Villager (Male) |
| 23:57 | Research | Ballistics |
Build order — Davidnwantfoy
First 150 of 964 actions detected
| 0:01 | Create | Villager (Male) |
| 0:01 | Create | Villager (Male) |
| 0:01 | Create | Villager (Male) |
| 0:02 | Build | House |
| 0:04 | Build | House |
| 0:19 | Create | Villager (Male) |
| 0:19 | Create | Villager (Male) |
| 1:24 | Create | Villager (Male) |
| 1:24 | Create | Villager (Male) |
| 2:00 | Create | Villager (Male) |
| 2:01 | Create | Villager (Male) |
| 2:17 | Build | Lumber Camp |
| 2:25 | Create | Villager (Male) |
| 2:49 | Create | Villager (Male) |
| 2:49 | Create | Villager (Male) |
| 2:52 | Create | Villager (Male) |
| 2:52 | Create | Villager (Male) |
| 3:14 | Create | Villager (Male) |
| 3:14 | Create | Villager (Male) |
| 3:28 | Build | House |
| 3:37 | Create | Villager (Male) |
| 3:38 | Create | Villager (Male) |
| 3:38 | Create | Villager (Male) |
| 4:08 | Create | Villager (Male) |
| 4:14 | Build | House |
| 4:16 | Create | Villager (Male) |
| 4:17 | Create | Villager (Male) |
| 4:43 | Build | House |
| 5:04 | Create | Villager (Male) |
| 5:04 | Create | Villager (Male) |
| 5:11 | Build | Palisade Wall |
| 5:13 | Build | Palisade Wall |
| 5:31 | Create | Villager (Male) |
| 5:31 | Create | Villager (Male) |
| 5:32 | Create | Villager (Male) |
| 5:32 | Create | Villager (Male) |
| 5:32 | Create | Villager (Male) |
| 6:03 | Build | Mill |
| 6:35 | Build | Palisade Wall |
| 7:02 | Create | Villager (Male) |
| 7:02 | Create | Villager (Male) |
| 7:19 | Build | Farm |
| 7:19 | Build | Farm |
| 7:24 | Build | Farm |
| 8:08 | Build | Mining Camp |
| 8:34 | Research | Feudal Age |
| 8:43 | Build | Farm |
| 9:33 | Research | Loom |
| 9:33 | Create | Villager (Male) |
| 9:50 | Build | Palisade Wall |
| 10:03 | Build | Palisade Wall |
| 10:39 | Build | Palisade Wall |
| 10:56 | Build | House |
| 10:56 | Age | Feudal Age |
| 10:57 | Build | House |
| 11:04 | Build | Watch Tower |
| 11:16 | Research | Double-Bit Axe |
| 11:16 | Research | Double-Bit Axe |
| 11:58 | Build | House |
| 12:00 | Build | House |
| 12:05 | Create | Villager (Male) |
| 12:07 | Research | Horse Collar |
| 12:08 | Research | Horse Collar |
| 12:29 | Build | Market |
| 12:36 | Create | Villager (Male) |
| 12:37 | Build | Farm |
| 12:39 | Build | Farm |
| 12:41 | Build | Farm |
| 12:50 | Create | Villager (Male) |
| 13:08 | Build | Blacksmith |
| 13:19 | Create | Villager (Male) |
| 13:22 | Build | Farm |
| 13:26 | Build | Farm |
| 13:41 | Create | Villager (Male) |
| 13:48 | Build | House |
| 13:51 | Build | House |
| 14:16 | Create | Villager (Male) |
| 14:21 | Build | Mining Camp |
| 14:41 | Research | Castle Age |
| 16:35 | Create | Villager (Male) |
| 16:35 | Create | Villager (Male) |
| 16:38 | Research | Gold Mining |
| 17:21 | Age | Castle Age |
| 17:23 | Build | Town Center |
| 17:26 | Research | Bow Saw |
| 17:26 | Research | Bow Saw |
| 17:41 | Create | Villager (Male) |
| 17:56 | Build | Town Center |
| 18:20 | Create | Villager (Male) |
| 18:20 | Create | Villager (Male) |
| 18:26 | Create | Villager (Male) |
| 18:36 | Research | Heavy Plow |
| 18:36 | Research | Heavy Plow |
| 18:43 | Create | Villager (Male) |
| 18:57 | Create | Villager (Male) |
| 18:57 | Create | Villager (Male) |
| 19:08 | Create | Villager (Male) |
| 19:08 | Create | Villager (Male) |
| 19:08 | Create | Villager (Male) |
| 19:15 | Build | Farm |
| 19:16 | Build | Farm |
| 19:16 | Build | Farm |
| 19:16 | Build | Farm |
| 19:16 | Build | Farm |
| 19:17 | Build | Farm |
| 19:25 | Build | House |
| 19:26 | Build | House |
| 19:30 | Build | House |
| 19:31 | Create | Villager (Male) |
| 19:32 | Create | Villager (Male) |
| 19:32 | Create | Villager (Male) |
| 19:58 | Create | Villager (Male) |
| 19:59 | Create | Villager (Male) |
| 20:15 | Build | Stone Wall |
| 20:24 | Create | Villager (Male) |
| 20:25 | Create | Villager (Male) |
| 20:25 | Create | Villager (Male) |
| 20:25 | Create | Villager (Male) |
| 20:32 | Build | Siege Workshop |
| 20:37 | Build | Farm |
| 20:38 | Build | Farm |
| 20:39 | Build | Farm |
| 20:41 | Build | Farm |
| 20:45 | Build | Farm |
| 20:46 | Create | Villager (Male) |
| 20:47 | Create | Villager (Male) |
| 20:47 | Create | Villager (Male) |
| 21:00 | Build | Gate |
| 21:13 | Create | Villager (Male) |
| 21:13 | Create | Villager (Male) |
| 21:20 | Build | Farm |
| 21:20 | Build | Farm |
| 21:21 | Build | Farm |
| 21:25 | Build | Farm |
| 21:28 | Create | Villager (Male) |
| 21:28 | Create | Villager (Male) |
| 21:34 | Create | Mangonel |
| 21:46 | Build | Monastery |
| 21:53 | Build | Stone Wall |
| 21:55 | Create | Villager (Male) |
| 21:55 | Create | Villager (Male) |
| 21:56 | Create | Villager (Male) |
| 21:57 | Create | Villager (Male) |
| 22:01 | Build | Lumber Camp |
| 22:09 | Create | Villager (Male) |
| 22:09 | Create | Villager (Male) |
| 22:12 | Build | Farm |
| 22:12 | Build | Farm |
| 22:13 | Build | Farm |
| 22:13 | Build | Farm |
Build order — Silence
First 150 of 963 actions detected
| 0:00 | Create | Villager (Male) |
| 0:00 | Create | Villager (Male) |
| 0:01 | Create | Villager (Male) |
| 0:02 | Build | House |
| 0:03 | Build | House |
| 0:14 | Create | Villager (Male) |
| 0:14 | Create | Villager (Male) |
| 1:21 | Create | Villager (Male) |
| 1:53 | Build | Lumber Camp |
| 2:13 | Create | Villager (Male) |
| 2:13 | Create | Villager (Male) |
| 2:27 | Create | Villager (Male) |
| 2:50 | Build | Mill |
| 3:08 | Create | Villager (Male) |
| 3:31 | Build | House |
| 3:36 | Create | Villager (Male) |
| 4:12 | Create | Villager (Male) |
| 4:12 | Create | Villager (Male) |
| 4:17 | Create | Villager (Male) |
| 4:25 | Create | Villager (Male) |
| 4:57 | Create | Villager (Male) |
| 5:10 | Build | House |
| 5:37 | Create | Villager (Male) |
| 5:37 | Create | Villager (Male) |
| 5:40 | Build | House |
| 5:57 | Build | House |
| 6:06 | Create | Villager (Male) |
| 6:06 | Create | Villager (Male) |
| 6:12 | Create | Villager (Male) |
| 6:12 | Create | Villager (Male) |
| 6:13 | Create | Villager (Male) |
| 6:19 | Create | Villager (Male) |
| 6:41 | Create | Villager (Male) |
| 6:41 | Create | Villager (Male) |
| 6:53 | Create | Villager (Male) |
| 6:56 | Build | Palisade Wall |
| 7:55 | Create | Villager (Male) |
| 8:00 | Create | Villager (Male) |
| 8:00 | Create | Villager (Male) |
| 8:01 | Create | Villager (Male) |
| 8:01 | Create | Villager (Male) |
| 8:01 | Create | Villager (Male) |
| 8:13 | Build | Palisade Wall |
| 8:31 | Build | House |
| 8:46 | Research | Feudal Age |
| 8:52 | Build | Mining Camp |
| 8:59 | Build | Farm |
| 9:15 | Create | Villager (Male) |
| 9:49 | Build | Barracks |
| 9:56 | Create | Villager (Male) |
| 10:50 | Age | Feudal Age |
| 10:53 | Create | Villager (Male) |
| 10:56 | Build | Blacksmith |
| 11:02 | Build | Stable |
| 11:54 | Research | Castle Age |
| 11:55 | Research | Castle Age |
| 12:00 | Build | House |
| 12:01 | Build | House |
| 12:05 | Research | Double-Bit Axe |
| 12:08 | Build | Farm |
| 12:10 | Build | Farm |
| 12:28 | Build | Farm |
| 12:29 | Build | Farm |
| 12:50 | Build | Farm |
| 13:10 | Create | Villager (Male) |
| 13:14 | Build | Farm |
| 14:21 | Create | Villager (Male) |
| 14:24 | Age | Castle Age |
| 14:25 | Create | Knight |
| 14:26 | Create | Villager (Male) |
| 14:35 | Build | Town Center |
| 14:59 | Create | Knight |
| 15:08 | Create | Villager (Male) |
| 15:12 | Build | Farm |
| 15:26 | Build | Town Center |
| 15:27 | Create | Villager (Male) |
| 15:35 | Create | Spearman |
| 15:37 | Create | Villager (Male) |
| 15:48 | Create | Villager (Male) |
| 15:58 | Create | Villager (Male) |
| 16:10 | Build | Palisade Gate |
| 16:13 | Create | Knight |
| 16:21 | Build | Farm |
| 16:22 | Create | Villager (Male) |
| 16:39 | Create | Villager (Male) |
| 16:41 | Build | Farm |
| 17:01 | Create | Villager (Male) |
| 17:02 | Create | Villager (Male) |
| 17:04 | Build | Farm |
| 17:07 | Create | Villager (Male) |
| 17:10 | Build | Farm |
| 17:18 | Create | Villager (Male) |
| 17:26 | Create | Knight |
| 17:27 | Create | Villager (Male) |
| 17:30 | Build | Farm |
| 17:32 | Build | Farm |
| 17:33 | Build | Farm |
| 17:35 | Create | Villager (Male) |
| 17:49 | Build | Farm |
| 17:53 | Build | Farm |
| 18:08 | Research | Scale Barding Armor |
| 18:09 | Research | Scale Barding Armor |
| 18:14 | Build | Farm |
| 18:16 | Create | Villager (Male) |
| 18:17 | Build | Farm |
| 18:19 | Create | Villager (Male) |
| 18:22 | Build | Farm |
| 18:22 | Build | Farm |
| 18:23 | Build | Farm |
| 18:39 | Create | Villager (Male) |
| 18:42 | Build | Farm |
| 18:45 | Build | Farm |
| 18:58 | Create | Villager (Male) |
| 19:02 | Build | Farm |
| 19:05 | Create | Villager (Male) |
| 19:06 | Create | Villager (Male) |
| 19:13 | Build | Farm |
| 19:16 | Create | Villager (Male) |
| 19:17 | Create | Villager (Male) |
| 19:25 | Build | Farm |
| 19:33 | Create | Villager (Male) |
| 19:34 | Create | Villager (Male) |
| 19:37 | Build | House |
| 19:38 | Build | House |
| 19:39 | Build | House |
| 19:40 | Build | House |
| 19:45 | Create | Villager (Male) |
| 19:45 | Create | Villager (Male) |
| 20:09 | Build | Market |
| 20:19 | Create | Villager (Male) |
| 20:19 | Create | Villager (Male) |
| 20:20 | Create | Villager (Male) |
| 20:45 | Create | Knight |
| 20:45 | Create | Villager (Male) |
| 20:45 | Create | Villager (Male) |
| 20:47 | Create | Villager (Male) |
| 20:47 | Create | Villager (Male) |
| 20:58 | Build | Monastery |
| 21:10 | Create | Villager (Male) |
| 21:11 | Create | Villager (Male) |
| 21:11 | Create | Villager (Male) |
| 21:11 | Create | Villager (Male) |
| 21:14 | Create | Villager (Male) |
| 21:37 | Create | Villager (Male) |
| 21:37 | Create | Villager (Male) |
| 21:37 | Create | Villager (Male) |
| 21:37 | Create | Villager (Male) |
| 21:46 | Research | Bow Saw |
| 21:51 | Create | Monk |
| 21:54 | Research | Horse Collar |
Build order — 小白
First 150 of 699 actions detected
| 0:01 | Create | Villager (Male) |
| 0:02 | Build | House |
| 0:04 | Build | House |
| 0:07 | Create | Villager (Male) |
| 0:07 | Create | Villager (Male) |
| 0:08 | Create | Villager (Male) |
| 0:08 | Create | Villager (Male) |
| 1:26 | Create | Villager (Male) |
| 1:26 | Create | Villager (Male) |
| 1:26 | Create | Villager (Male) |
| 2:00 | Create | Villager (Male) |
| 2:18 | Build | Lumber Camp |
| 2:34 | Create | Villager (Male) |
| 2:35 | Create | Villager (Male) |
| 2:56 | Create | Villager (Male) |
| 3:09 | Build | House |
| 3:17 | Create | Villager (Male) |
| 3:17 | Create | Villager (Male) |
| 3:51 | Create | Villager (Male) |
| 3:53 | Build | House |
| 4:23 | Build | Palisade Gate |
| 4:26 | Create | Villager (Male) |
| 4:59 | Build | Palisade Wall |
| 5:04 | Create | Villager (Male) |
| 5:04 | Create | Villager (Male) |
| 5:25 | Create | Villager (Male) |
| 5:26 | Create | Villager (Male) |
| 5:44 | Build | Mill |
| 5:47 | Create | Villager (Male) |
| 5:51 | Build | House |
| 6:53 | Research | Loom |
| 7:22 | Build | Barracks |
| 7:48 | Research | Feudal Age |
| 8:22 | Build | House |
| 8:23 | Create | Militia |
| 8:24 | Create | Militia |
| 8:36 | Build | Mining Camp |
| 8:49 | Create | Militia |
| 8:54 | Build | House |
| 9:03 | Build | Palisade Wall |
| 9:06 | Create | Villager (Male) |
| 9:11 | Create | Militia |
| 9:41 | Build | Palisade Wall |
| 9:48 | Build | Palisade Wall |
| 9:48 | Create | Militia |
| 9:53 | Build | Palisade Wall |
| 9:58 | Age | Feudal Age |
| 10:02 | Build | House |
| 10:04 | Research | Man-at-Arms (upgrade) |
| 10:14 | Create | Villager (Male) |
| 10:23 | Build | House |
| 10:36 | Create | Villager (Male) |
| 10:52 | Build | House |
| 10:56 | Create | Villager (Male) |
| 11:00 | Create | Villager (Male) |
| 11:10 | Build | Watch Tower |
| 11:51 | Create | Villager (Male) |
| 11:52 | Create | Villager (Male) |
| 11:59 | Create | Villager (Male) |
| 12:05 | Build | Mining Camp |
| 12:35 | Build | Mining Camp |
| 13:15 | Build | Watch Tower |
| 13:19 | Create | Villager (Male) |
| 13:23 | Build | Farm |
| 13:24 | Create | Villager (Male) |
| 13:57 | Build | Farm |
| 14:09 | Create | Villager (Male) |
| 14:16 | Create | Militia |
| 14:49 | Create | Villager (Male) |
| 14:53 | Build | Market |
| 15:12 | Build | Watch Tower |
| 15:19 | Create | Villager (Male) |
| 16:04 | Create | Villager (Male) |
| 16:10 | Build | Blacksmith |
| 16:13 | Create | Villager (Male) |
| 16:25 | Build | Farm |
| 16:50 | Build | Farm |
| 16:51 | Create | Villager (Male) |
| 17:04 | Create | Villager (Male) |
| 17:07 | Build | Farm |
| 17:18 | Research | Fletching |
| 17:18 | Research | Fletching |
| 17:19 | Create | Villager (Male) |
| 17:27 | Build | Farm |
| 17:51 | Build | Farm |
| 17:54 | Research | Wheelbarrow |
| 17:59 | Create | Villager (Male) |
| 18:04 | Build | Farm |
| 18:25 | Create | Villager (Male) |
| 18:31 | Build | Farm |
| 18:38 | Build | Farm |
| 18:47 | Build | Farm |
| 18:52 | Create | Villager (Male) |
| 18:56 | Build | Farm |
| 19:23 | Build | Farm |
| 19:25 | Create | Villager (Male) |
| 19:59 | Research | Castle Age |
| 19:59 | Research | Castle Age |
| 20:03 | Build | Lumber Camp |
| 20:24 | Research | Double-Bit Axe |
| 20:24 | Research | Double-Bit Axe |
| 20:54 | Research | Horse Collar |
| 20:54 | Research | Horse Collar |
| 21:22 | Create | Villager (Male) |
| 21:32 | Create | Spearman |
| 21:32 | Create | Spearman |
| 22:24 | Research | Wheelbarrow |
| 22:39 | Age | Castle Age |
| 22:46 | Build | Castle |
| 22:51 | Create | Villager (Male) |
| 22:56 | Create | Villager (Male) |
| 23:00 | Research | Bow Saw |
| 23:00 | Research | Bow Saw |
| 23:01 | Research | Heavy Plow |
| 23:01 | Research | Heavy Plow |
| 23:40 | Build | Town Center |
| 23:48 | Build | Farm |
| 23:49 | Build | Farm |
| 24:07 | Create | Hussite Wagon |
| 24:09 | Create | Hussite Wagon |
| 24:28 | Build | Farm |
| 24:29 | Create | Villager (Male) |
| 24:43 | Create | Hussite Wagon |
| 24:51 | Create | Villager (Male) |
| 24:53 | Build | Farm |
| 24:54 | Build | Farm |
| 24:57 | Build | Farm |
| 24:58 | Build | Farm |
| 25:06 | Build | University |
| 25:14 | Build | Farm |
| 25:26 | Build | Archery Range |
| 25:46 | Build | Farm |
| 26:14 | Build | House |
| 26:17 | Research | Imperial Age |
| 26:17 | Research | Imperial Age |
| 26:31 | Build | Siege Workshop |
| 26:40 | Create | Villager (Male) |
| 26:44 | Create | Villager (Male) |
| 27:00 | Create | Hussite Wagon |
| 27:01 | Create | Hussite Wagon |
| 27:01 | Create | Hussite Wagon |
| 27:09 | Build | House |
| 27:15 | Create | Villager (Male) |
| 27:20 | Research | Chemistry |
| 27:21 | Research | Chemistry |
| 27:32 | Create | Villager (Male) |
| 27:35 | Create | Hussite Wagon |
| 28:11 | Create | Villager (Male) |
| 28:18 | Create | Villager (Male) |
| 29:15 | Create | Hand Cannoneer |
Match timeline
| 4:34 | Lolokoil · wall_segment Palisade Wall x12 |
| 4:59 | 小白 · wall_segment Palisade Wall x8 |
| 5:11 | Davidnwantfoy · wall_segment Palisade Wall x4 |
| 5:13 | Davidnwantfoy · wall_segment Palisade Wall x6 |
| 5:57 | (¬|)¬(>= Marksm4n · first_building Barracks |
| 6:12 | Bass Is Heavy · first_building Barracks |
| 6:18 | CTMl cachi · wall_segment Palisade Wall x1 |
| 6:24 | CTMl cachi · wall_segment Palisade Wall x11 |
| 6:32 | (¬|)¬(>= Marksm4n · wall_segment Palisade Wall x1 |
| 6:32 | (¬|)¬(>= Marksm4n · wall_segment Palisade Wall x1 |
| 6:33 | (¬|)¬(>= Marksm4n · wall_segment Palisade Wall x1 |
| 6:33 | (¬|)¬(>= Marksm4n · wall_segment Palisade Wall x2 |
| 6:35 | Davidnwantfoy · wall_segment Palisade Wall x1 |
| 6:56 | Silence · wall_segment Palisade Wall x9 |
| 7:06 | Lolokoil · wall_segment Palisade Wall x1 |
| 7:22 | 小白 · first_building Barracks |
| 8:13 | Silence · wall_segment Palisade Wall x1 |
| 8:31 | Jrfear · wall_segment Palisade Wall x1 |
| 8:32 | Jrfear · wall_segment Palisade Wall x1 |
| 8:33 | Jrfear · wall_segment Palisade Wall x1 |
| 8:34 | Jrfear · wall_segment Palisade Wall x1 |
| 8:35 | Jrfear · wall_segment Palisade Wall x1 |
| 8:54 | Bass Is Heavy · wall_segment Palisade Wall x1 |
| 8:56 | Jrfear · first_building Barracks |
| 8:56 | Bass Is Heavy · wall_segment Palisade Wall x9 |
| 8:57 | Jrfear · wall_segment Palisade Wall x1 |
| 9:03 | 小白 · wall_segment Palisade Wall x1 |
| 9:04 | Jrfear · wall_segment Palisade Wall x1 |
| 9:08 | Lolokoil · wall_segment Palisade Wall x1 |
| 9:10 | Lolokoil · wall_segment Palisade Wall x1 |
| 9:13 | Lolokoil · wall_segment Palisade Wall x1 |
| 9:15 | Lolokoil · wall_segment Palisade Wall x1 |
| 9:18 | Lolokoil · wall_segment Palisade Wall x1 |
| 9:18 | Bass Is Heavy · age_up feudal |
| 9:19 | (¬|)¬(>= Marksm4n · age_up feudal |
| 9:21 | Lolokoil · wall_segment Palisade Wall x1 |
| 9:35 | Bass Is Heavy · first_building Archery Range |
| 9:41 | 小白 · wall_segment Palisade Wall x1 |
| 9:48 | 小白 · wall_segment Palisade Wall x1 |
| 9:49 | Silence · first_building Barracks |
| 9:50 | Davidnwantfoy · wall_segment Palisade Wall x6 |
| 9:53 | 小白 · wall_segment Palisade Wall x1 |
| 9:58 | 小白 · age_up feudal |
| 10:03 | Davidnwantfoy · wall_segment Palisade Wall x7 |
| 10:36 | Lolokoil · wall_segment Palisade Wall x1 |
| 10:39 | Lolokoil · wall_segment Palisade Wall x1 |
| 10:39 | Davidnwantfoy · wall_segment Palisade Wall x8 |
| 10:50 | Jrfear · age_up feudal |
| 10:50 | Silence · age_up feudal |
| 10:53 | CTMl cachi · wall_segment Palisade Wall x1 |
| 10:56 | Davidnwantfoy · age_up feudal |
| 10:57 | Jrfear · first_building Archery Range |
| 11:02 | Silence · first_building Stable |
| 11:05 | CTMl cachi · first_market_sell 100 stone |
| 11:45 | Lolokoil · age_up feudal |
| 14:01 | Davidnwantfoy · first_market_buy 100 food |
| 14:24 | Silence · age_up castle |
| 14:47 | Jrfear · age_up castle |
| 15:27 | (¬|)¬(>= Marksm4n · first_building Archery Range |
| 15:40 | Lolokoil · age_up castle |
| 15:47 | CTMl cachi · wall_segment Palisade Wall x1 |
| 15:48 | Lolokoil · first_building Castle |
| 16:07 | 小白 · first_market_buy 100 food |
| 17:19 | CTMl cachi · first_market_buy 100 food |
| 17:21 | Davidnwantfoy · age_up castle |
| 18:15 | CTMl cachi · first_building Castle |
| 18:35 | Lolokoil · wall_segment Palisade Wall x3 |
| 18:57 | (¬|)¬(>= Marksm4n · age_up castle |
| 19:09 | (¬|)¬(>= Marksm4n · first_building Castle |
| 20:15 | Davidnwantfoy · wall_segment Stone Wall x13 |
| 20:32 | Davidnwantfoy · first_building Siege Workshop |
| 20:58 | Silence · first_building Monastery |
| 21:01 | Lolokoil · first_market_buy 100 food |
| 21:39 | Bass Is Heavy · age_up castle |
| 21:44 | Silence · first_market_buy 100 food |
| 21:46 | Davidnwantfoy · first_building Monastery |
| 21:53 | Davidnwantfoy · wall_segment Stone Wall x4 |
| 22:22 | CTMl cachi · first_building Barracks |
| 22:39 | 小白 · age_up castle |
| 22:46 | 小白 · first_building Castle |
| 23:01 | Bass Is Heavy · first_market_buy 100 stone |
| 23:01 | Bass Is Heavy · first_market_sell 100 food |
| 23:07 | Bass Is Heavy · first_building Castle |
| 23:09 | CTMl cachi · first_building Stable |
| 23:50 | Jrfear · first_market_sell 100 stone |
| 23:51 | Jrfear · first_market_buy 100 wood |
| 23:56 | Bass Is Heavy · first_building Siege Workshop |
| 24:16 | Davidnwantfoy · first_market_sell 500 wood |
| 24:17 | CTMl cachi · first_building Siege Workshop |
| 25:10 | Lolokoil · first_market_sell 100 stone |
| 25:26 | 小白 · first_building Archery Range |
| 26:21 | Davidnwantfoy · first_building Castle |
| 26:31 | 小白 · first_building Siege Workshop |
| 26:57 | Davidnwantfoy · first_building Barracks |
| 27:32 | Davidnwantfoy · age_up imperial |
| 27:37 | (¬|)¬(>= Marksm4n · wall_segment Palisade Wall x1 |
| 27:40 | (¬|)¬(>= Marksm4n · wall_segment Palisade Wall x1 |
| 27:44 | (¬|)¬(>= Marksm4n · wall_segment Palisade Wall x1 |
| 27:46 | (¬|)¬(>= Marksm4n · wall_segment Palisade Wall x1 |
| 27:52 | (¬|)¬(>= Marksm4n · wall_segment Palisade Wall x3 |
| 27:54 | (¬|)¬(>= Marksm4n · wall_segment Palisade Wall x1 |
| 28:30 | (¬|)¬(>= Marksm4n · wall_segment Palisade Wall x1 |
| 28:32 | (¬|)¬(>= Marksm4n · wall_segment Palisade Wall x1 |
| 28:33 | (¬|)¬(>= Marksm4n · wall_segment Palisade Wall x1 |
| 28:42 | Jrfear · wall_segment Palisade Wall x1 |
| 28:59 | (¬|)¬(>= Marksm4n · first_building Stable |
| 29:27 | 小白 · age_up imperial |
| 29:44 | (¬|)¬(>= Marksm4n · age_up imperial |
| 29:50 | Davidnwantfoy · first_building Archery Range |
| 32:02 | Silence · age_up imperial |
| 33:46 | Lolokoil · age_up imperial |
| 33:53 | Silence · first_market_sell 100 stone |
| 34:19 | Silence · first_building Siege Workshop |
| 34:44 | (¬|)¬(>= Marksm4n · first_building Siege Workshop |
| 35:10 | Silence · first_building Castle |
| 35:56 | Jrfear · first_building Monastery |
| 35:56 | Bass Is Heavy · first_building Monastery |
| 36:08 | Bass Is Heavy · age_up imperial |
| 36:09 | Jrfear · first_building Castle |
| 36:12 | 小白 · first_market_sell 100 wood |
| 37:32 | (¬|)¬(>= Marksm4n · first_market_sell 100 wood |
| 37:56 | Silence · first_building Archery Range |
| 39:27 | Jrfear · age_up imperial |
| 39:44 | Davidnwantfoy · wall_segment Palisade Wall x1 |
| 39:56 | Davidnwantfoy · tribute_sent a jugador 1 |
| 39:56 | Davidnwantfoy · tribute_sent a jugador 2 |
| 39:56 | Davidnwantfoy · tribute_sent a jugador 3 |
| 39:56 | Davidnwantfoy · tribute_sent a jugador 4 |
| 39:56 | Davidnwantfoy · tribute_sent a jugador 5 |
| 39:56 | Davidnwantfoy · tribute_sent a jugador 7 |
| 39:56 | Davidnwantfoy · tribute_sent a jugador 8 |
| 39:58 | Jrfear · first_building Siege Workshop |
| 42:31 | Davidnwantfoy · tribute_sent a jugador 1 |
| 42:31 | Davidnwantfoy · tribute_sent a jugador 2 |
| 42:31 | Davidnwantfoy · tribute_sent a jugador 3 |
| 42:31 | Davidnwantfoy · tribute_sent a jugador 4 |
| 42:31 | Davidnwantfoy · tribute_sent a jugador 5 |
| 42:31 | Davidnwantfoy · tribute_sent a jugador 7 |
| 42:31 | Davidnwantfoy · tribute_sent a jugador 8 |
| 43:06 | Lolokoil · first_building Barracks |
| 43:51 | CTMl cachi · tribute_sent a jugador 1 |
| 43:51 | CTMl cachi · tribute_sent a jugador 3 |
| 43:51 | CTMl cachi · tribute_sent a jugador 4 |
| 43:51 | CTMl cachi · tribute_sent a jugador 5 |
| 43:51 | CTMl cachi · tribute_sent a jugador 6 |
| 43:51 | CTMl cachi · tribute_sent a jugador 7 |
| 43:51 | CTMl cachi · tribute_sent a jugador 8 |
| 43:55 | 小白 · tribute_sent a jugador 1 |
| 43:55 | 小白 · tribute_sent a jugador 2 |
| 43:55 | 小白 · tribute_sent a jugador 3 |
| 43:55 | 小白 · tribute_sent a jugador 4 |
| 43:55 | 小白 · tribute_sent a jugador 5 |
| 43:55 | 小白 · tribute_sent a jugador 6 |
| 43:55 | 小白 · tribute_sent a jugador 7 |
| 45:17 | Davidnwantfoy · tribute_sent a jugador 1 |
| 45:17 | Davidnwantfoy · tribute_sent a jugador 2 |
| 45:17 | Davidnwantfoy · tribute_sent a jugador 3 |
| 45:17 | Davidnwantfoy · tribute_sent a jugador 4 |
| 45:17 | Davidnwantfoy · tribute_sent a jugador 5 |
| 45:17 | Davidnwantfoy · tribute_sent a jugador 7 |
| 45:17 | Davidnwantfoy · tribute_sent a jugador 8 |
| 46:33 | Davidnwantfoy · tribute_sent a jugador 1 |
| 46:33 | Davidnwantfoy · tribute_sent a jugador 2 |
| 46:33 | Davidnwantfoy · tribute_sent a jugador 3 |
| 46:33 | Davidnwantfoy · tribute_sent a jugador 4 |
| 46:33 | Davidnwantfoy · tribute_sent a jugador 5 |
| 46:33 | Davidnwantfoy · tribute_sent a jugador 7 |
| 46:33 | Davidnwantfoy · tribute_sent a jugador 8 |
| 47:02 | Davidnwantfoy · wall_segment Palisade Wall x3 |
| 48:49 | Lolokoil · first_building Archery Range |
| 49:35 | Silence · wall_segment Stone Wall x1 |
| 50:15 | 小白 · wall_segment Palisade Wall x9 |
| 50:59 | Bass Is Heavy · first_building Stable |
| 51:37 | Silence · wall_segment Stone Wall x12 |
| 52:06 | Lolokoil · first_building Siege Workshop |
| 53:32 | Bass Is Heavy · tribute_sent a jugador 1 |
| 53:32 | Bass Is Heavy · tribute_sent a jugador 2 |
| 53:32 | Bass Is Heavy · tribute_sent a jugador 3 |
| 53:32 | Bass Is Heavy · tribute_sent a jugador 4 |
| 53:32 | Bass Is Heavy · tribute_sent a jugador 6 |
| 53:32 | Bass Is Heavy · tribute_sent a jugador 7 |
| 53:32 | Bass Is Heavy · tribute_sent a jugador 8 |
| 54:24 | Lolokoil · tribute_sent a jugador 2 |
| 54:24 | Lolokoil · tribute_sent a jugador 3 |
| 54:24 | Lolokoil · tribute_sent a jugador 4 |
| 54:24 | Lolokoil · tribute_sent a jugador 5 |
| 54:24 | Lolokoil · tribute_sent a jugador 6 |
| 54:24 | Lolokoil · tribute_sent a jugador 7 |
| 54:24 | Lolokoil · tribute_sent a jugador 8 |
| 54:38 | CTMl cachi · tribute_sent a jugador 1 |
| 54:38 | CTMl cachi · tribute_sent a jugador 3 |
| 54:38 | CTMl cachi · tribute_sent a jugador 4 |
| 54:38 | CTMl cachi · tribute_sent a jugador 5 |
| 54:38 | CTMl cachi · tribute_sent a jugador 6 |
| 54:38 | CTMl cachi · tribute_sent a jugador 7 |
| 54:38 | CTMl cachi · tribute_sent a jugador 8 |
| 54:39 | Davidnwantfoy · tribute_sent a jugador 1 |
| 54:39 | Davidnwantfoy · tribute_sent a jugador 2 |
| 54:39 | Davidnwantfoy · tribute_sent a jugador 3 |
| 54:39 | Davidnwantfoy · tribute_sent a jugador 4 |
| 54:39 | Davidnwantfoy · tribute_sent a jugador 5 |
| 54:39 | Davidnwantfoy · tribute_sent a jugador 7 |
| 54:39 | Davidnwantfoy · tribute_sent a jugador 8 |
| 57:14 | (¬|)¬(>= Marksm4n · first_market_buy 100 stone |
| 58:02 | Silence · tribute_sent a jugador 1 |
| 58:02 | Silence · tribute_sent a jugador 2 |
| 58:02 | Silence · tribute_sent a jugador 3 |
| 58:02 | Silence · tribute_sent a jugador 4 |
| 58:02 | Silence · tribute_sent a jugador 5 |
| 58:02 | Silence · tribute_sent a jugador 6 |
| 58:02 | Silence · tribute_sent a jugador 8 |
| 58:09 | (¬|)¬(>= Marksm4n · wall_segment Stone Wall x15 |
| 60:33 | CTMl cachi · tribute_sent a jugador 1 |
| 60:33 | CTMl cachi · tribute_sent a jugador 3 |
| 60:33 | CTMl cachi · tribute_sent a jugador 4 |
| 60:33 | CTMl cachi · tribute_sent a jugador 5 |
| 60:33 | CTMl cachi · tribute_sent a jugador 6 |
| 60:33 | CTMl cachi · tribute_sent a jugador 7 |
| 60:33 | CTMl cachi · tribute_sent a jugador 8 |
| 61:44 | Davidnwantfoy · wall_segment Stone Wall x16 |
| 66:26 | Silence · wall_segment Stone Wall x3 |
| 66:30 | Silence · wall_segment Stone Wall x4 |
| 67:29 | Davidnwantfoy · wall_segment Stone Wall x1 |
| 69:05 | Silence · tribute_sent a jugador 1 |
| 69:05 | Silence · tribute_sent a jugador 2 |
| 69:05 | Silence · tribute_sent a jugador 3 |
| 69:05 | Silence · tribute_sent a jugador 4 |
| 69:05 | Silence · tribute_sent a jugador 5 |
| 69:05 | Silence · tribute_sent a jugador 6 |
| 69:05 | Silence · tribute_sent a jugador 8 |
| 69:07 | Lolokoil · tribute_sent a jugador 2 |
| 69:07 | Lolokoil · tribute_sent a jugador 3 |
| 69:07 | Lolokoil · tribute_sent a jugador 4 |
| 69:07 | Lolokoil · tribute_sent a jugador 5 |
| 69:07 | Lolokoil · tribute_sent a jugador 6 |
| 69:07 | Lolokoil · tribute_sent a jugador 7 |
| 69:07 | Lolokoil · tribute_sent a jugador 8 |
| 69:08 | Jrfear · wall_segment Palisade Wall x1 |
| 69:44 | Silence · wall_segment Stone Wall x3 |
| 71:06 | Jrfear · wall_segment Stone Wall x1 |
| 71:08 | Bass Is Heavy · resign |
| 71:24 | Jrfear · wall_segment Stone Wall x1 |
[ AI ANALYSIS · 1 CREDIT ]
What really happened in this match?
Wolo.gg analyzes every decision: build order, eco, micro, common mistakes by bracket. Personalized analysis on WhatsApp or Discord in 30 seconds.
Civ guide
Hindustanis
Perfil
Jugador #1326441